Map: Abyssal Reef LE

Players

Xenodore

  • Race: Protoss Protoss
  • League: Platinum
  • Spawn Location: 11:00

PhoenixTears - Winner!

  • Race: Zerg Zerg
  • League: Platinum
  • Spawn Location: 5:00

Event: HopeTL

VOD

https://www.youtube.com/watch?v=fIOJgj8wW98&list=PL9QsjkBYtQM7NVZEDVfaNugqO61aBOlm6&index=1

Description

Time

  • Played on: Oct. 12, 2017, 4:08 p.m.
  • Length: 8:19

All games in this series

Show
View Real Time Build Order
Export as new Build Order

Xenodore Protoss 

Build Orders:  

Get SALT Encoding   

  12  0:01  Probe (Chrono Boost)  
  13  0:13  Probe (Chrono Boost)  
  14  0:28  Pylon  
  14  0:31  Probe (Chrono Boost)  
  15  0:46  Probe (Chrono Boost)  
  16  0:56  Probe (Chrono Boost)  
  17  1:01  Gateway  
  17  1:10  Pylon  
  17  1:29  Nexus  
  17  1:35  Gateway  
  17  1:51  Zealot  
  17  1:54  Cybernetics Core  
  19  1:58  Assimilator  
  19  2:02  Assimilator  
  19  2:08  Probe (Chrono Boost)  
  20  2:51  Probe (Chrono Boost)  
  20  2:52  Probe (Chrono Boost)  
  20  2:53  Adept (Chrono Boost)  
  26  3:00  Adept (Chrono Boost)  
  26  3:03  Pylon  
  26  3:07  Cybernetics Core  
  26  3:31  Probe  
  26  3:32  Probe  
  28  3:41  Probe  
  28  3:44  Probe  
  28  3:45  Stalker (Chrono Boost)  
  34  3:50  Sentry (Chrono Boost)  
  34  3:52  Probe  
  35  3:57  Probe  
  35  4:02  Probe  
  37  4:16  Warp Gate (Chrono Boost)  
  37  4:20  Probe  
  37  4:22  Probe  
  39  4:31  Probe  
  39  4:34  Assimilator, Probe  
  39  4:36  Assimilator  
  41  4:41  Probe  
  42  4:46  Probe  
  42  4:52  Probe  
  43  4:58  Probe  
  45  5:29  Robotics Facility  
  45  5:31  Pylon  
  45  5:37  Pylon  
  45  5:40  Pylon  
  45  5:44  Pylon  
  45  5:47  Mothership Core (Chrono Boost)  
  47  6:05  Probe (Chrono Boost)  
  47  6:08  Probe (Chrono Boost)  
  49  6:15  Probe (Chrono Boost)  
  51  6:18  Probe (Chrono Boost)  
  46  6:26  Immortal, Probe (Chrono Boost)  
  46  6:27  Stalker  
  46  6:28  Stalker  
  44  7:50  Mothership Core  
  36  7:52  Pylon  
Show
View Real Time Build Order
Export as new Build Order

PhoenixTears Zerg - Winner!

Build Orders: Hatch First 

Get SALT Encoding   

  12  0:03  Drone  
  13  0:17  Overlord  
  13  0:23  Drone  
  14  0:36  Drone  
  14  0:37  Drone  
  16  1:05  Hatchery  
  16  1:07  Spawning Pool  
  16  1:08  Extractor  
  16  1:11  Drone  
  14  1:15  Drone  
  15  1:34  Drone x2  
  15  1:35  Drone  
  18  2:01  Zergling x4  
  18  2:03  Queen  
  23  2:22  Drone  
  23  2:23  Drone x2  
  23  2:24  Queen  
  26  2:46  Overlord x2  
  26  3:12  Drone x5  
  31  3:13  Drone  
  31  3:24  Queen x2  
  35  3:33  Overlord x2  
  35  3:37  Drone x6  
  35  3:40  Spore Crawler  
  40  3:54  Drone x3  
  42  4:05  Lair  
  42  4:07  Drone  
  42  4:08  Drone x4  
  47  4:10  Extractor  
  46  4:18  Roach Warren  
  45  4:26  Overlord x2  
  45  4:28  Drone x3  
  45  4:29  Extractor  
  47  4:49  Drone x2  
  47  5:12  Nydus Network  
  47  5:13  Roach  
  62  5:14  Roach x11  
  70  5:22  Queen  
  72  5:45  Roach  
  72  5:46  Roach  
  72  5:47  Overlord x3  
  72  5:48  Overlord x3  
  76  5:53  Nydus Canal  
  76  6:05  Overlord x2  
  76  6:21  Roach  
  76  6:22  Roach x6  
  90  6:34  Roach x2  
  94  6:52  Nydus Canal  
  94  6:53  Roach x4  
  96  7:17  Nydus Canal  
  96  7:18  Roach  
  96  7:19  Roach x3  
  96  7:34  Roach  
  96  7:35  Roach x3  
  104  7:43  Roach  
  104  7:58  Hatchery  
Tags
 
Add a new tag
Caveats
  • Supply blocks, unpowered buildings, or Contaminate may cause inaccurate times.
  • Supply counts are checked every 10 seconds.